 Dungeon Crawl Stone Soup version 0.31-a0-358-gac0dbeb3ab (webtiles) character file.

Game seed: 12011472331210075097

24 peepeepoopoo the Trooper (level 3, -1/29 HPs)
             Began as a Human Berserker on Mar 29, 2022.
             Was a Believer of Trog.
             Slain by a goblin
             ... wielding a +0 dagger
             ... led by Robin
              (4 damage)
             ... on level 2 of the Dungeon on July 25, 2023.
             The game lasted 00:05:13 (988 turns).

peepeepoopoo the Trooper (Human Berserker)           Turns: 988, Time: 00:05:14

Health: -1/29      AC:  2    Str: 19    XL:     3   Next: 15%
Magic:  3/3        EV: 12    Int:  7    God:    Trog [**....]
Gold:   50         SH:  0    Dex: 12    Spells: 2/2 levels left

rFire   . . .        a - +0 mace
rCold   . . .        (no shield)
rNeg    . . .        b - +0 animal skin
rPois   .            (no helmet)
rElec   .            (no cloak)
rCorr   .            (no gloves)
SInv    .            (no boots)
Will    .....        c - amulet of faith
Stlth   +            (no ring)
HPRegen 0.24/turn    (no ring)
MPRegen 0.08/turn

%: faith
@: no status effects
A: no striking features
a: Renounce Religion, Berserk, Trog's Hand


You were on level 2 of the Dungeon.
You worshipped Trog.
Trog was pleased with you.
You visited 1 branch of the dungeon, and saw 2 of its levels.

You collected 50 gold pieces.

Inventory:

Hand Weapons
 a - a +0 mace (weapon)
Armour
 b - a +0 animal skin (worn)
 f - a +0 ring mail
Jewellery
 c - an amulet of faith (around neck)
Scrolls
 e - 2 scrolls of identify {unknown}
Potions
 d - a potion of mutation {unknown}


   Skills:
 + Level 3.4 Fighting
 + Level 3.2 Maces & Flails
 + Level 2.0 Armour
 + Level 2.5 Dodging
 + Level 0.2 Stealth


You had 2 spell levels left.
You didn't know any spells.
Your spell library was empty.

Dungeon Overview and Level Annotations

Branches:
Dungeon (2/15)

Altars:

Annotations:
D:2 Robin


Message History

The hobgoblin hits you but does no damage.
You closely miss the hobgoblin. Robin throws the goblin at you!
The hobgoblin barely misses you.
You hit the hobgoblin.
The hobgoblin is moderately wounded.
The goblin hits you with a +0 dagger. The hobgoblin closely misses you.
An adder comes into view.
The adder hisses angrily.
You hit the hobgoblin but do no damage.
The hobgoblin is moderately wounded.
The goblin hits you with a +0 dagger. The hobgoblin hits you.
A hobgoblin comes into view.
The hobgoblin barely misses you. The goblin misses you.
You hit the hobgoblin.
You kill the hobgoblin!
Trog accepts your kill. The goblin closely misses you.
Robin throws the goblin at you!
You hit the goblin.
The goblin is heavily wounded.
The goblin no longer looks unusually strong.
The goblin closely misses you. The goblin hits you but does no damage.
The goblin hits you with a +0 club.
* * * LOW HITPOINT WARNING * * *
You hit the goblin.
You kill the goblin!
Trog accepts your kill.
The goblin no longer looks unusually strong.
The goblin hits you with a +0 dagger.
* * * LOW HITPOINT WARNING * * *
Robin laughs in a distinctly smug fashion.
The goblin barely misses you.
You completely miss the goblin. The goblin hits you with a +0 dagger.
* * * LOW HITPOINT WARNING * * *
The goblin barely misses you. The goblin hits you but does no damage.
You closely miss the goblin.
The goblin no longer looks unusually strong.
The hobgoblin no longer looks unusually strong.
The goblin no longer looks unusually strong.
The goblin barely misses you. The goblin hits you with a +0 dagger.
You die...

... l...#
..g.g # #
...g. .. #.
###.#g. ...
#.. #...g.
....
#...##.#
.#.....
#....g##gS.#
#....g@ggg.#
#########..#
.# #


You could see Robin, an adder, a hobgoblin and 4 goblins.

Vanquished Creatures
  A ball python (D:1)
  3 endoplasms (D:1)
  6 goblins
  A hobgoblin (D:2)
  2 quokkas (D:1)
  2 bats
  A frilled lizard (D:1)
  3 kobolds (D:1)
  2 rats (D:1)
21 creatures vanquished.

Notes
Turn   | Place    | Note
-------+----------+-------------------------------------------
     0 | D:1      | peepeepoopoo the Human Berserker began the quest for the
                  | Orb.
     0 | D:1      | Reached XP level 1. HP: 18/18 MP: 1/1
   270 | D:1      | Reached XP level 2. HP: 19/24 MP: 2/2
   366 | D:1      | Upgraded the game from 0.29-a0-284-gf9362112df to
                  | 0.29-a0-322-g68df515428
   925 | D:1      | Upgraded the game from 0.29-a0-322-g68df515428 to
                  | 0.31-a0-358-gac0dbeb3ab
   966 | D:2      | Noticed Robin
   976 | D:2      | Reached ** piety under Trog
   980 | D:2      | Reached XP level 3. HP: 21/29 MP: 3/3
   988 | D:2      | Slain by a goblin

Illustrated notes

Levels and vault maps discovered:
D:1:      shiori_shiawase, layout_loops_ring,
          dreamdust_ecumenical_altar_drowned_temple
D:2:      layout_rooms, nicolae_underground_beach, uniq_natasha, uniq_robin,
          uniq_sigmund

Action                     || total
---------------------------++-------
  Melee: Mace              ||    60
   Stab: Sleeping          ||     1
 Armour: Animal skin       ||    11
  Dodge: Dodged            ||    54

Table legend: (Time is in decaauts)
 A = Elapsed time spent in this place.
 B = Non-inter-level travel time spent in this place.
 C = Inter-level travel time spent in this place.
 D = Time resting spent in this place.
 E = Time spent auto-exploring this place.
 F = Levels seen in this place.
 G = Mean time per level.
                   A        B        C        D        E       F      G
               +--------+--------+--------+--------+--------+-----+--------+
         Total |   1002 |    953 |     49 |      0 |    807 |   2 |  501.0 |
       Dungeon |   1002 |    953 |     49 |      0 |    807 |   2 |  501.0 |
               +--------+--------+--------+--------+--------+-----+--------+

Top non-repeatable levels by time:
     D:1: 976 daAuts
     D:2: 25 daAuts
